AoeStats
← Rene

Arabia

510547321Analyzed
1v1 RM · 1d ago on Oct 1, 2026· 18m 35s· 2 players
Game mode
Random Map
Map size
Tiny (2 player)
Population
200
Speed
Normal
Resources
Standard
Victory
Conquest
Starting age
Dark Age
Ending age
Imperial Age
RankedLock teamsTeams togetherTeam positionsShared explorationLock speedFull tech treeHidden civsTurbo modeCheats
Victory
Defeat
🇳🇱 Ethiopians · Netherlands
1202
+18
🇩🇪 Varangians · Germany
1250
-18
Rene
6:57 Loom
8:51 Feudal Age
13:38 Fletching
16:38 Padded Archer Armor
vagabond94
7:11 Loom
9:31 Feudal Age
9:40 Man-at-Arms
11:02 Arson
14:29 Town Watch
16:40 Padded Archer Armor
17:02 Scale Mail Armor
Connection lost

Rejoining the realm…

Still unreachable

The connection could not be restored.

Session expired

The server has moved on; the page needs a fresh start.